 Dungeon Crawl Stone Soup version 0.31.0-12-g77e489cdc1 (webtiles) character file.

Game seed: 7619362845132562007

23 lordive the Twirler (level 2, 0/25 HPs)
             Began as a Minotaur Gladiator on Feb 28, 2024.
             Slain by a kobold
             ... wielding a +2 short sword of flaming
              (1 damage)
             ... on level 2 of the Dungeon.
             The game lasted 00:00:54 (881 turns).

lordive the Twirler (Minotaur Gladiator)             Turns: 881, Time: 00:00:55

Health: 0/25       AC:  3    Str: 18    XL:     2   Next: 72%
Magic:  1/1        EV: 12    Int:  5    God:
Gold:   26         SH:  0    Dex: 11    Spells: 1/1 levels left

rFire   . . .        a - +0 quarterstaff
rCold   . . .        (shield currently unavailable)
rNeg    . . .        b - +0 leather armour
rPois   .            c - +0 hat
rElec   .            (no cloak)
rCorr   .            (no gloves)
SInv    .            (no boots)
Will    .....        (no amulet)
Stlth   +            (no ring)
HPRegen 0.24/turn    (no ring)
MPRegen 0.07/turn

%: no passive effects
@: no status effects
A: horns 2, retaliatory headbutt
a: no special abilities


You were on level 2 of the Dungeon.
You visited 1 branch of the dungeon, and saw 2 of its levels.

You collected 26 gold pieces.

Inventory:

Hand Weapons
 a - a +0 quarterstaff (weapon)
Missiles
 d - 3 throwing nets (quivered)
 e - a javelin
Armour
 b - a +0 leather armour (worn)
 c - a +0 hat (worn)
Scrolls
 g - a scroll of silence {unknown}
 j - 2 scrolls of fear {unknown}
Potions
 f - 2 potions of mutation {unknown}
 h - a potion of brilliance {unknown}
 i - a potion of curing {unknown}
 k - a potion of cancellation {unknown}
 l - a potion of magic {unknown}


   Skills:
 + Level 2.7 Fighting
 + Level 4.3 Staves
 - Level 2.0 Throwing
 + Level 0.2 Armour
 + Level 3.7 Dodging


You had one spell level left.
You didn't know any spells.
Your spell library was empty.

Dungeon Overview and Level Annotations

Branches:
Dungeon (2/15)

Altars:


Innate Abilities, Weirdness & Mutations

You have a pair of horns on your head.
You reflexively headbutt those who attack you in melee.


Message History

The kobold shouts!
The rat squeaks loudly.
An endoplasm comes into view.
The endoplasm quivers.
You barely miss the kobold. The rat misses you.
The kobold hits you with a +2 short sword of flaming.
The kobold burns you. The rat barely misses you. The kobold closely misses you.
You furiously retaliate!
You headbutt the kobold. You hit the kobold.
You headbutt the kobold, but do no damage.
The kobold is heavily wounded.
The rat closely misses you. The kobold closely misses you.
You closely miss the kobold.
The kobold is heavily wounded.
The rat closely misses you. You furiously retaliate!
You headbutt the rat!
You kill the rat!
The kobold misses you.
You closely miss the kobold.
The kobold is heavily wounded.
The kobold hits you with a +2 short sword of flaming.
The kobold burns you. The endoplasm freezes you.
You are frozen.
* * * LOW HITPOINT WARNING * * *
You barely miss the endoplasm. The endoplasm closely misses you.
You furiously retaliate!
You headbutt the endoplasm!
You kill the endoplasm!
The kobold hits you with a +2 short sword of flaming.
* * * LOW HITPOINT WARNING * * *
The kobold burns you.
* * * LOW HITPOINT WARNING * * *
You closely miss the kobold.
The kobold is heavily wounded.
The kobold hits you but does no damage.
You closely miss the kobold.
The kobold is heavily wounded.
The kobold hits you with a +2 short sword of flaming.
* * * LOW HITPOINT WARNING * * *
The kobold burns you.
You die...

. # #. #.
.##. ...#
#..####
#.K..#####
#@#.....#
#..# ##.#
#.# #.####
#....#
####.##
#..##
##..####


You could see a kobold.

Vanquished Creatures
  2 endoplasms (D:2)
  4 goblins (D:1)
  4 hobgoblins
  3 ball pythons (D:1)
  2 bats
  4 kobolds
  2 rats (D:2)
21 creatures vanquished.

Notes
Turn   | Place    | Note
-------+----------+-------------------------------------------
     0 | D:1      | lordive the Minotaur Gladiator began the quest for the Orb.
     0 | D:1      | Reached XP level 1. HP: 18/18 MP: 0/0
   299 | D:1      | Reached skill level 4 in Staves
   299 | D:1      | Reached XP level 2. HP: 25/25 MP: 1/1
   881 | D:2      | HP: 1/25 [kobold/+2 short sword of flaming (1)]
   881 | D:2      | Slain by a kobold

Illustrated notes

Levels and vault maps discovered:
D:1:      minmay_arrival_stone_box, layout_loops_ring
D:2:      layout_basic, basic_altar

Skill      XL: |  1 |
---------------+----+-----
Staves         | 4 |  4.3
Fighting       | |  2.7
Throwing       | |  2.0
Armour         | |  0.2
Dodging        | |  3.7

Action                     || total
---------------------------++-------
  Melee: Quarterstaff      ||    52
         Headbutt          ||     4
 Armour: Leather armour    ||    30
  Dodge: Dodged            ||    32
